 Dungeon Crawl Stone Soup version 0.31-a0-1025-g2e47921a08 (webtiles) character file.

Game seed: 4948100288431003292

221 Barriton the Gusty (level 5, -2/38 HPs)
             Began as a Draconian Air Elementalist on Nov 17, 2023.
             Slain by a hornet (8 damage)
             ... on level 4 of the Dungeon.
             The game lasted 00:05:18 (3643 turns).

Barriton the Gusty (Draconian Air Elementalist)     Turns: 3643, Time: 00:05:18

Health: -2/38      AC:  6    Str: 11    XL:     5   Next: 65%
Magic:  3/9        EV: 27    Int: 17    God:
Gold:   186        SH:  0    Dex: 11    Spells: 9/10 levels left

rFire   . . .        (no weapon)
rCold   . . .        (no shield)
rNeg    . . .        (body armour unavailable)
rPois   .            (helmet restricted)
rElec   .            (no cloak)
rCorr   +            i - +0 pair of gloves
SInv    .            (no boots)
Will    .....        f - amulet of the acrobat
Stlth   ++           j - ring of resist corrosion
HPRegen 0.26/turn    (no ring)
MPRegen 0.11/turn

%: acrobat
@: lethally poisoned (-2 -> -10), acrobatic, slowed, very slow
A: AC +5, unfitting armour, cold-blooded
a: no special abilities


You were on level 4 of the Dungeon.
You visited 1 branch of the dungeon, and saw 4 of its levels.

You collected 186 gold pieces.

Inventory:

Hand Weapons
 m - a +0 trident
Armour
 i - a +0 pair of gloves (worn)
Jewellery
 f - an amulet of the acrobat (around neck)
 j - a ring of resist corrosion (left hand)
Wands
 n - a wand of iceblast (9)
Scrolls
 c - a scroll of poison
 e - 6 scrolls of teleportation
Potions
 a - 2 potions of magic
 b - 3 potions of heal wounds
 d - a potion of ambrosia {unknown}
 g - 2 potions of curing
 h - 2 potions of might {unknown}
 k - 2 potions of berserk rage {unknown}
 l - a potion of resistance {unknown}


   Skills:
 + Level 0.1 Fighting
 + Level 2.8 Dodging
 + Level 1.9 Stealth
 + Level 0.9 Unarmed Combat
 + Level 3.1 Spellcasting
 + Level 2.5 Conjurations
 + Level 4.3 Air Magic


You had 9 spell levels left.
You knew the following spells:

 Your Spells              Type           Power      Damage    Failure   Level
a - Shock                 Conj/Air       56%        1d6       4%          1

Your spell library contained the following spells:

 Spells                   Type           Power      Damage    Failure   Level
 Static Discharge         Conj/Air       28%        3-5/arc   6%          2
 Swiftness                Air            17%        N/A       9%          3
 Ensorcelled Hibernation  Hex/Ice        4%         N/A       26%         2
 Lesser Beckoning         Tloc           4%         N/A       26%         2
 Airstrike                Air            8%         2d(2-18)  28%         4
 Gell's Gravitas          Tloc           2%         N/A       45%         3
 Teleport Other           Tloc           2%         N/A       45%         3
 Dragon's Call            Summ           1%         N/A       100%        9
 Polar Vortex             Ice            1%         N/A       100%        9


Dungeon Overview and Level Annotations

Branches:
Dungeon (4/15)
 Temple: D:4-7

Altars:


Innate Abilities, Weirdness & Mutations

Your plain brown scales are hard. (AC +5)
You cannot fit into any form of body armour.
You are cold-blooded and may be slowed by cold attacks.


Message History

The zap hits the hornet but does no damage.
The hornet closely misses you. The hornet stings you!
You feel yourself slow down.
The zap hits the hornet.
The hornet is lightly wounded.
The hornet stings you!
You feel as though you will be slow longer.
The hornet stings you but does no damage.
You are too injured to fight recklessly!
The hornet attacks as it pursues you! The hornet completely misses you. x2
The hornet stings you.
You are poisoned.
You feel as though you will be slow longer.
* * * LOW HITPOINT WARNING * * *
You feel very sick. The hornet attacks as it pursues you!
The hornet stings you but does no damage.
The hornet stings you.
* * * LOW HITPOINT WARNING * * *
You feel as though you will be slow longer.
You feel much better.
You feel very sick. The hornet stings you!
You are lethally poisoned!
You feel as though you will be slow longer.
The hornet misses you. x2
Casting: Shock (safe; 4% risk of failure)
Confirm with . or Enter, or press ? or * to list all spells.
Aiming: Shock (safe; 4% risk of failure)
Press: ? - help, Shift-Dir - straight line, f/p - hornet
Aim: a hornet (lightly wounded, 57% to hit)
The zap misses the hornet.
* * * LOW HITPOINT WARNING * * *
You feel very sick. The hornet barely misses you.
The hornet closely misses you.
* * * LOW HITPOINT WARNING * * *
You feel very sick. The hornet attacks as it pursues you!
The hornet misses you. The hornet stings you!
You die...

#....[....#
###)##'####
#.##)######
#######.#...))<.#
#(......#########
#.###.........#
#######.###.........#
..................>.#
####.##y@........#
#....#######'##
#.##.# .# #....# #
######


You could see a hornet.

Vanquished Creatures
  A jelly (D:2)
  An orc wizard (D:4)
  Ijyb (D:4)
  2 adders
  4 gnolls (D:2)
  4 worms
  4 dart slugs
  5 orcs
  5 endoplasms
  3 giant cockroaches
  5 goblins
  5 hobgoblins
  4 jackals (D:1)
  4 kobolds
  2 quokkas
  5 ball pythons
  6 bats
  A frilled lizard (D:2)
  3 rats
65 creatures vanquished.

Notes
Turn   | Place    | Note
-------+----------+-------------------------------------------
     0 | D:1      | Barriton the Draconian Air Elementalist began the quest for
                  | the Orb.
     0 | D:1      | Reached XP level 1. HP: 14/14 MP: 3/3
   300 | D:1      | Reached XP level 2. HP: 20/20 MP: 1/5
  1213 | D:2      | Identified the "Qog Xya"
  1355 | D:2      | Reached XP level 3. HP: 26/26 MP: 0/6
  1491 | D:1      | Reached XP level 4. HP: 18/33 MP: 1/7
  2244 | D:2      | Found a faded altar of an unknown god.
  2819 | D:3      | Reached XP level 5. HP: 38/38 MP: 5/9
  2856 | D:3      | Reached skill level 4 in Air Magic
  3355 | D:4      | Noticed Ijyb
  3381 | D:4      | Killed Ijyb
  3631 | D:4      | Noticed a hornet
  3643 | D:4      | Slain by a hornet

Illustrated notes

Levels and vault maps discovered:
D:1:      nagdon_arrival_zigzag_paths, layout_loops_ring, glass_columns_c
D:2:      layout_basic, chequers_ecumenical_altar_simple_redux
D:3:      layout_rooms
D:4:      layout_basic, cheibrodos_sewer_entry_bend, minmay_liquid_box,
          serial_bayou_ford_a, uniq_ijyb

Skill      XL: |  1  2  3  4  5 |
---------------+----------------+-----
Dodging        | 2 |  2.8
Conjurations   | 2 |  2.5
Air Magic      | 4 |  4.3
Spellcasting   | 3 |  3.1
Fighting       | |  0.1
Stealth        | |  1.9
Unarmed Combat | |  0.9

Action                     |  1- 3 |  4- 6 || total
---------------------------+-------+-------++-------
  Melee: Unarmed           |    25 |    29 ||    54
         Tailslap          |     3 |     6 ||     9
         Punch             |     2 |       ||     2
   Cast: Shock             |    55 |   104 ||   159
    Use: Scroll            |     3 |     5 ||     8
         Potion            |       |     1 ||     1
 Armour: Skin              |    27 |    29 ||    56
  Dodge: Dodged            |    23 |    37 ||    60

Table legend: (Time is in decaauts)
 A = Elapsed time spent in this place.
 B = Non-inter-level travel time spent in this place.
 C = Inter-level travel time spent in this place.
 D = Time resting spent in this place.
 E = Time spent auto-exploring this place.
 F = Levels seen in this place.
 G = Mean time per level.
                   A        B        C        D        E       F      G
               +--------+--------+--------+--------+--------+-----+--------+
         Total |   3648 |   3519 |    129 |      0 |   3094 |   4 |  912.0 |
       Dungeon |   3648 |   3519 |    129 |      0 |   3094 |   4 |  912.0 |
               +--------+--------+--------+--------+--------+-----+--------+

Top non-repeatable levels by time:
     D:1: 1342 daAuts
     D:2: 1222 daAuts
     D:3: 784 daAuts
     D:4: 298 daAuts
